 Dungeon Crawl Stone Soup version 0.14-a0-3315-g09e681a (webtiles) character file.

54 4tharraofdagon the Firebug (level 3, 0/19 HPs)
             Began as a Deep Elf Fire Elementalist on Mar 15, 2014.
             Succumbed to an adder's poison
             ... on Level 5 of the Dungeon.
             The game lasted 00:03:31 (484 turns).

4tharraofdagon the Firebug (DEFE)                    Turns: 484, Time: 00:03:31

HP   0/19        AC  2     Str  5      XL: 3   Next: 37%
MP   6/11        EV 13     Int 20      God:
Gold 11          SH  0     Dex 15      Spells:  2 memorised,  5 levels left

rFire  . . .     SeeInvis .     k - +0 trident
rCold  . . .     Clarity  .     a - +0 robe
rNeg   . . .     Conserve .     (no shield)
rPois  .         rCorr    .     (no helmet)
rElec  .         rRot     .     (no cloak)
SustAb . .       Spirit   .     (no gloves)
rMut   .         Warding  .     (no boots)
Saprov . . .     Stasis   .     (no amulet)
MR     .....                    (no ring)
                                (no ring)

@: lethally poisoned, very slightly contaminated, not resistant to hostile
enchantments, fairly stealthy
A: no striking features
a: no special abilities


You were on level 5 of the Dungeon.
You were not hungry.

You visited 1 branch of the dungeon, and saw 5 of its levels.

You collected 11 gold pieces.

Inventory:

Hand weapons
 e - a +0,+0 hand axe
 j - a -1,-3 whip
 k - a +0,+0 trident (weapon)
Armour
 a - a +0 robe (worn)
Magical devices
 i - a wand of flame (14)
Comestibles
 c - 3 bread rations
 l - a meat ration
Scrolls
 d - a scroll of immolation
 f - a scroll of blinking {unknown}
 g - 2 scrolls of remove curse
 h - a scroll of teleportation {unknown}
Books
 b - a book of Flames

   Spells                             Type                      Level
   *Flame Tongue                      Conjuration/Fire             1
   Throw Flame                        Conjuration/Fire             2
   *Conjure Flame                     Conjuration/Fire             3
   Inner Flame                        Hexes/Fire                   3
   Sticky Flame                       Conjuration/Fire             4
   Fireball                           Conjuration/Fire             5
 m - a Grand Grimoire {highlevel, unknown}

   This book is beyond your current level of understanding.

   Spells                             Type                      Level
   Aura of Abjuration                 Summoning                    6
   Forceful Dismissal                 Summoning                    6
   Haunt                              Necromancy/Summoning         7
   Summon Greater Demon               Summoning                    7
   Malign Gateway                     Summoning/Translocation      7
   Summon Horrible Things             Summoning                    8


   Skills:
 - Level 2.4 Dodging
 - Level 2.4 Stealth
 + Level 3.5 Spellcasting
 * Level 2.5 Conjurations
 * Level 3.8 Fire Magic


You had 5 spell levels left.
You knew the following spells:

 Your Spells              Type           Power        Failure   Level  Hunger
a - Flame Tongue          Conj/Fire      ###..        3%          1    None
b - Conjure Flame         Conj/Fire      ###.....     12%         3    ###....


Dungeon Overview and Level Annotations

Branches:
Dungeon (5/15)
 Temple: D:4-7

Altars:
Elyvilon

Shops:
D:4 %


Message History

You miscast Flame Tongue.
You are very lightly contaminated with residual magic.
You feel a strange surge of energy!
* * * LOW HITPOINT WARNING * * *
You feel sick. The adder bites you.
* * * LOW HITPOINT WARNING * * *
Casting: Flame Tongue
Confirm with . or Enter, or press ? or * to list all spells.
Aiming: Flame Tongue
Press: ? - help, Shift-Dir - straight line, f/p - adder
Aim: an adder (severely wounded)
The flame hits the adder.
You kill the adder!
You aren't carrying any potions.
* * * LOW HITPOINT WARNING * * *
You feel sick.
* * * LOW HITPOINT WARNING * * *
You feel sick.
Enter note: :( You die...

...###########
#.8...#.......#######
#.._................#
#.8..##.......#####....
. #.......# #.......#
#.......# #.......#
##@###### #....#
####)##### #.......#
####.......#
#..........# o
...##.......# .. ##
#.......#### ...
#......<...##....


There were no monsters in sight!

Vanquished Creatures
  2 adders
  A giant gecko (D:3)
  A giant cockroach (D:4)
  A goblin (D:3)
  5 hobgoblins
  2 kobolds (D:4)
  2 quokkas
  7 bats
  2 giant newts (D:4)
23 creatures vanquished.

Notes
Turn   | Place    | Note
--------------------------------------------------------------
     0 | D:1      | 4tharraofdagon, the Deep Elf Fire Elementalist, began the quest for the Orb.
     0 | D:1      | Reached XP level 1. HP: 10/10 MP: 5/5
   126 | D:2      | Reached XP level 2. HP: 12/15 MP: 1/8
   305 | D:4      | Reached XP level 3. HP: 15/19 MP: 2/11
   310 | D:4      | Learned a level 3 spell: Conjure Flame
   310 | D:4      | Found Phaadaz's Food Shop.
   339 | D:4      | WTF
   438 | D:5      | Entered Level 5 of the Dungeon
   471 | D:5      | Found a white marble altar of Elyvilon.
   482 | D:5      | :(
   484 | D:5      | Succumbed to an adder's poison

Action                   || total
-------------------------++-------
Melee: Hand axe          ||    24
       Whip              ||    13
 Cast: Flame Tongue      ||    40
       Conjure Flame     ||     1
Evoke: Wand              ||     1
  Use: Potion            ||     2
       Scroll            ||     2
 Stab: Sleeping          ||     1
